Map: Stargazers

Players

FunkyMonkey - Winner!

  • Race: Terran Terran
  • League: Diamond
  • Spawn Location: 11:00

Gwaffs

  • Race: Protoss Protoss
  • League: Silver
  • Spawn Location: 1:00

VOD

Have the link to the VOD?

Description

Time

  • Played on: Oct. 23, 2022, 11:39 p.m.
  • Length: 28:52
Show
View Real Time Build Order
Export as new Build Order

FunkyMonkey Terran - Winner!

Build Orders: Reaper Expand 

Get SALT Encoding   

  12  0:01  SCV  
  13  0:13  SCV  
  14  0:18  Supply Depot  
  14  0:25  SCV  
  15  0:39  SCV  
  15  0:41  Barracks  
  16  0:46  Refinery  
  16  0:52  SCV  
  17  1:04  SCV  
  18  1:16  SCV  
  19  1:31  Reaper  
  20  1:33  Command Center  
  20  1:37  SCV  
  21  1:49  Orbital Command  
  21  2:08  Factory  
  21  2:09  Marine  
  21  2:15  SCV  
  23  2:21  Refinery  
  23  2:45  SCV, Marine  
  25  2:53  SCV  
  25  2:57  SCV  
  27  3:03  Marine  
  27  3:05  SCV  
  29  3:09  SCV  
  30  3:17  Orbital Command  
  30  3:18  Bunker  
  30  3:19  Widow Mine  
  32  3:21  Starport  
  32  3:22  Barracks Reactor  
  32  3:27  SCV  
  33  3:39  SCV  
  34  3:42  Widow Mine  
  34  3:46  SCV  
  37  3:49  Supply Depot  
  37  3:51  SCV  
  37  3:54  Armory  
  38  4:11  SCV x2  
  39  4:17  Widow Mine  
  39  4:18  Medivac  
  39  4:21  Barracks  
  39  4:23  SCV x2  
  39  4:24  Barracks  
  45  4:25  Supply Depot  
  45  4:27  Supply Depot  
  45  4:35  Marine  
  46  4:47  SCV x2, Marine  
  46  4:51  Starport Reactor  
  46  4:52  Factory Tech Lab  
  49  4:59  SCV x2  
  51  5:01  Marine  
  51  5:05  Refinery x2, Marine  
  53  5:10  Barracks Tech Lab  
  53  5:11  SCV x2, Barracks Tech Lab  
  55  5:16  Supply Depot x2  
  55  5:20  Marine  
  56  5:22  Marine  
  56  5:23  SCV x2  
  59  5:35  SCV x2  
  59  5:36  Command Center  
  61  5:45  Marine x2  
  61  5:46  Combat Shield, Marauder x2  
  61  5:47  Stimpack  
  61  5:48  SCV x2  
  69  5:58  Engineering Bay x2  
  69  6:00  SCV x2  
  71  6:05  Marine x2  
  71  6:07  Marauder x2  
  71  6:08  Command Center  
  77  6:12  SCV  
  77  6:14  SCV, Medivac  
  77  6:15  Supply Depot  
  77  6:16  Supply Depot  
  81  6:24  SCV  
  82  6:26  Terran Infantry Weapons Level 1, Terran Infantry Armor Level 1, SCV  
  83  6:36  SCV  
  83  6:38  SCV  
  85  6:41  Barracks  
  85  6:45  Barracks  
  85  6:53  SCV  
  85  6:54  SCV  
  88  6:56  Orbital Command  
  87  7:01  Missile Turret  
  87  7:05  Concussive Shells  
  87  7:06  SCV x2  
  87  7:08  Marine x4  
  90  7:14  Missile Turret  
  93  7:18  SCV  
  92  7:25  Orbital Command  
  92  7:26  SCV x2, Marine x3  
  97  7:30  SCV  
  97  7:33  Refinery, Marine  
  97  7:34  Refinery  
  97  7:37  Barracks Reactor x2  
  99  7:38  SCV  
  99  7:43  Marine  
  99  7:44  Marine, Marauder  
  102  7:46  Starport  
  102  7:47  Ghost Academy  
  102  7:48  Terran Ship Weapons Level 1  
  106  7:51  Marauder  
  106  7:55  Medivac x2  
  110  8:01  Marine x2  
  110  8:05  Marine  
  112  8:10  SCV x4  
  112  8:12  Marine  
  118  8:19  Marine  
  119  8:22  SCV x4  
  119  8:23  Starport Reactor, Marauder  
  119  8:25  Marine  
  119  8:26  Marine  
  127  8:29  Supply Depot x2  
  127  8:30  Supply Depot, Marauder  
  127  8:32  Supply Depot  
  127  8:33  Missile Turret  
  129  8:37  Missile Turret  
  129  8:38  Marine x2, Terran Infantry Weapons Level 2  
  129  8:39  Terran Infantry Armor Level 2  
  129  8:40  Orbital Command  
  131  8:42  Enhanced Shockwaves  
  131  8:45  Missile Turret  
  131  8:50  SCV x3  
  131  8:51  Missile Turret, Ghost, Marauder  
  136  9:11  Ghost  
  136  9:14  Marine x3  
  136  9:16  Marine  
  142  9:20  Marauder  
  142  9:21  Refinery, Liberator x2  
  142  9:23  Refinery  
  150  9:37  Command Center  
  150  9:41  Marauder  
  150  9:42  Marauder  
  150  9:45  Command Center  
  154  9:46  Missile Turret  
  154  9:52  Liberator x2  
  160  9:58  SCV x4  
  164  10:00  Personal Cloaking  
  164  10:01  Ghost  
  164  10:02  Ghost  
  168  10:10  SCV x2  
  170  10:18  Fusion Core  
  170  10:22  Supply Depot  
  170  10:23  Supply Depot x2  
  170  10:28  Barracks  
  170  10:30  Ghost, Barracks  
  170  10:31  Factory  
  172  10:51  Missile Turret  
  172  11:18  SCV x2  
  170  11:19  SCV x2  
  170  11:20  Planetary Fortress  
  173  11:25  Marine  
  173  11:26  Marine x5  
  173  11:28  Barracks Tech Lab x2  
  173  11:29  Planetary Fortress  
  179  11:41  Terran Infantry Armor Level 3, Terran Infantry Weapons Level 3  
  179  11:43  Command Center  
  176  11:54  Advanced Ballistics  
  173  12:23  SCV x3  
  173  12:25  Ghost x4  
  184  12:34  Ghost Academy  
  184  12:35  Ghost Academy  
  184  12:36  Ghost Academy  
  181  13:01  Orbital Command  
  181  13:02  Missile Turret  
  181  13:09  Missile Turret  
  181  13:14  Smart Servos  
  181  13:16  Nuke x2  
  181  13:17  Nuke x2  
  181  13:18  Ghost x4  
  189  13:46  Ghost, Refinery  
  189  13:47  Ghost x3  
  197  13:49  Ghost Academy, Refinery  
  197  13:50  Ghost Academy  
  197  13:51  Terran Ship Weapons Level 2  
  197  14:15  Ghost  
  199  14:19  Ghost Academy  
  199  14:20  Ghost Academy  
  199  14:22  Ghost Academy  
  199  14:41  Nuke x3  
  197  15:14  Nuke  
  197  15:15  Nuke x3  
  197  15:18  Factory Tech Lab  
  197  15:23  Ghost Academy  
  197  15:25  Ghost Academy  
  195  16:16  Refinery  
  195  16:17  Refinery  
  195  16:34  Command Center  
  195  16:36  Command Center  
  195  16:38  Command Center  
  195  16:44  Command Center x2  
  195  16:48  Command Center  
  195  16:50  Command Center  
  195  16:52  Command Center  
  195  16:53  Command Center  
  195  16:56  Command Center  
  189  18:02  Ghost  
  189  18:03  Ghost x3  
  197  18:13  Nuke  
  197  18:14  Nuke x6  
  197  18:31  Ghost  
  197  18:42  Ghost x2  
  193  19:26  Viking x2  
  193  19:27  Viking  
  193  19:30  Orbital Command x3  
  199  19:34  Orbital Command  
  199  19:35  Orbital Command x6  
  199  20:08  Hi-Sec Auto Tracking, Neosteel Armor  
  199  20:09  Nuke x2  
  199  20:10  Nuke x2  
  199  20:11  Nuke  
  177  20:47  Viking x2  
  177  20:48  Viking x2  
  172  21:00  Nuke  
  169  21:17  Viking x2, Nuke  
  173  21:29  Nuke x2  
  171  21:48  Nuke x2  
  167  22:48  Nuke  
  167  22:49  Nuke x4  
  167  22:57  Nuke  
  163  23:01  Ghost x4  
  167  23:29  Ghost x3  
  167  23:30  Ghost  
  175  23:42  Ghost Academy  
  175  23:45  Ghost Academy  
  175  23:46  Ghost Academy  
  173  24:23  Nuke x4  
  173  24:24  Nuke x4  
  173  24:42  Ghost x4  
  181  24:46  Nuke x2  
  177  25:10  Ghost  
  177  25:11  Ghost x3  
  181  25:30  Nuke x4  
  181  25:39  Ghost x4  
  189  25:50  Nuke x3  
  189  25:52  Nuke  
  189  26:05  Nuke x2  
  189  26:07  Ghost  
  191  26:18  Ghost Academy  
  191  26:21  Ghost Academy x2  
  191  26:23  Ghost Academy  
  191  26:30  Nuke x4  
  189  26:37  Ghost x4  
  191  27:05  Ghost x2, Nuke x4  
  191  27:06  Ghost x2  
  199  27:09  Weapon Refit  
  199  27:11  Nuke x2  
  192  27:34  Ghost x4  
  194  28:00  Nuke x3  
  194  28:01  Nuke x4  
  194  28:02  Ghost x2  
  194  28:03  Ghost  
  200  28:05  Command Center  
Show
View Real Time Build Order
Export as new Build Order

Gwaffs Protoss 

Build Orders:  

Get SALT Encoding   

  12  0:02  Probe  
  13  0:14  Probe  
  14  0:26  Probe  
  15  0:42  Pylon  
  15  0:54  Assimilator  
  15  1:00  Probe  
  15  1:01  Gateway  
  16  1:12  Probe (Chrono Boost)  
  16  1:17  Assimilator  
  17  1:21  Pylon  
  17  1:22  Probe (Chrono Boost)  
  18  1:27  Probe (Chrono Boost)  
  19  1:37  Pylon  
  19  1:40  Pylon  
  19  1:44  Pylon  
  19  1:45  Probe  
  20  1:51  Zealot  
  22  1:57  Probe (Chrono Boost)  
  23  2:11  Forge  
  23  2:15  Cybernetics Core  
  23  2:18  Zealot  
  24  2:45  Zealot  
  25  2:59  Photon Cannon  
  24  3:08  Photon Cannon  
  25  3:21  Warp Gate  
  25  3:29  Stalker  
  25  3:33  Probe (Chrono Boost)  
  26  3:40  Photon Cannon  
  26  3:44  Probe (Chrono Boost)  
  26  3:46  Photon Cannon  
  27  3:49  Probe (Chrono Boost)  
  28  4:00  Probe  
  27  4:12  Probe (Chrono Boost)  
  29  4:24  Probe (Chrono Boost)  
  29  4:29  Probe (Chrono Boost)  
  30  4:32  Stalker  
  30  4:35  Protoss Ground Weapons Level 1 (Chrono Boost)  
  32  4:55  Gateway  
  32  5:02  Sentry  
  32  5:07  Shield Battery, Photon Cannon  
  35  5:14  Probe (Chrono Boost)  
  35  5:26  Probe (Chrono Boost)  
  35  5:28  Stalker  
  38  5:41  Protoss Air Weapons Level 1 (Chrono Boost), Twilight Council  
  37  5:54  Robotics Facility  
  37  5:56  Robotics Facility  
  37  5:58  Stalker  
  37  6:02  Pylon  
  39  6:20  Charge  
  39  6:31  Probe  
  39  6:34  Protoss Ground Armor Level 1 (Chrono Boost)  
  39  6:43  Probe  
  39  6:45  Observer  
  41  6:56  Probe  
  41  7:26  Nexus  
  41  7:34  Observer x2  
  43  7:42  Protoss Air Armor Level 1  
  43  7:54  Pylon  
  43  7:55  Pylon  
  43  7:58  Pylon  
  43  7:59  Pylon  
  43  8:04  Pylon  
  43  8:05  Immortal  
  46  8:21  Stalker  
  46  8:22  Stalker  
  50  8:33  Protoss Ground Weapons Level 2 (Chrono Boost)  
  50  8:38  Probe  
  51  8:50  Probe  
  52  9:02  Probe  
  52  9:09  Observer  
  55  9:10  Observer  
  55  9:15  Probe  
  56  9:26  Pylon  
  56  9:27  Probe  
  56  9:29  Pylon  
  56  9:30  Photon Cannon  
  57  9:34  Pylon  
  57  9:36  Photon Cannon  
  57  9:38  Pylon  
  57  9:39  Probe (Chrono Boost)  
  57  9:45  Photon Cannon  
  58  9:51  Probe (Chrono Boost)  
  59  10:08  Gateway  
  59  10:10  Gateway  
  59  10:14  Forge  
  59  10:22  Cybernetics Core  
  59  10:36  Probe  
  60  10:48  Probe  
  61  10:52  Photon Cannon  
  61  10:59  Protoss Ground Armor Level 2, Photon Cannon  
  61  11:00  Probe  
  58  11:27  Nexus  
  58  11:31  Photon Cannon  
  58  11:39  Probe  
  59  11:51  Probe  
  58  12:03  Probe  
  58  12:05  Photon Cannon  
  58  12:15  Probe  
  49  12:25  Stalker x3  
  49  12:26  Stalker  
  57  12:34  Photon Cannon  
  57  12:38  Photon Cannon  
  57  12:40  Probe  
  58  12:53  Probe  
  59  13:05  Probe  
  60  13:09  Probe  
  60  13:11  Photon Cannon  
  61  13:17  Probe  
  61  13:19  Shield Battery  
  62  13:21  Probe  
  62  13:22  Observer  
  63  13:29  Probe  
  63  13:31  Photon Cannon  
  63  13:33  Probe  
  65  13:38  Stalker  
  65  13:39  Stalker  
  69  13:41  Probe  
  70  13:51  Probe  
  70  13:53  Probe  
  72  13:57  Assimilator  
  72  14:01  Assimilator  
  72  14:03  Probe  
  72  14:06  Probe  
  72  14:08  Stalker  
  76  14:10  Zealot x2  
  76  14:14  Observer  
  76  14:16  Probe  
  81  14:18  Probe  
  80  14:26  Stargate  
  80  14:27  Stargate  
  80  14:28  Probe  
  80  14:30  Probe  
  61  14:40  Probe  
  61  14:42  Probe  
  41  14:54  Probe  
  42  15:01  Observer, Pylon  
  42  15:06  Probe  
  43  15:10  Pylon  
  43  15:11  Pylon  
  43  15:12  Observer x2  
  45  15:18  Probe  
  45  15:19  Stalker  
  45  15:20  Stalker  
  50  15:28  Sentry, Stalker  
  52  15:30  Probe  
  52  15:34  Observer x2  
  58  15:42  Probe  
  58  15:52  Protoss Ground Weapons Level 3 (Chrono Boost)  
  58  15:54  Probe  
  59  16:07  Probe  
  60  16:19  Probe  
  55  17:20  Probe  
  56  17:24  Observer  
  56  17:28  Pylon  
  56  17:30  Pylon  
  56  17:32  Probe  
  57  17:37  Stalker  
  57  17:38  Stalker x2  
  57  17:39  Stalker  
  65  17:45  Probe  
  66  17:57  Probe  
  65  17:59  Observer x2  
  67  18:09  Probe  
  66  18:20  Observer x2  
  58  18:42  Observer x2  
  60  19:03  Observer  
  60  19:07  Observer  
  61  19:14  Nexus  
  61  19:16  Pylon  
  61  19:19  Pylon  
  61  19:20  Pylon  
  61  19:23  Shield Battery  
  61  19:25  Shield Battery, Pylon  
  61  19:38  Probe  
  62  19:46  Photon Cannon  
  62  19:49  Photon Cannon  
  62  19:50  Probe  
  62  19:51  Photon Cannon  
  63  19:53  Photon Cannon, Probe  
  63  19:56  Shield Battery  
  63  19:57  Assimilator  
  64  20:00  Photon Cannon  
  64  20:01  Photon Cannon  
  64  20:02  Probe  
  64  20:05  Probe  
  67  20:14  Probe  
  67  20:17  Probe  
  68  20:25  Probe  
  68  20:26  Probe  
  65  20:29  Probe  
  65  20:32  Zealot  
  65  20:33  Zealot  
  65  20:35  Zealot x2  
  68  20:37  Probe  
  68  20:41  Probe  
  71  20:44  Probe  
  73  20:50  Probe  
  73  20:56  Probe  
  74  21:02  Observer, Probe  
  75  21:06  Zealot x2  
  75  21:07  Zealot x2  
  75  21:08  Probe  
  84  21:14  Probe  
  84  21:17  Stargate  
  83  21:20  Stargate, Probe  
  83  21:23  Stargate  
  84  21:32  Probe  
  80  21:44  Probe  
  73  21:55  Observer x2  
  73  21:56  Probe  
  73  21:58  Probe  
  54  22:59  Probe  
  54  23:02  Observer x2  
  57  23:11  Probe  
  57  23:12  Pylon  
  53  23:14  Pylon  
  52  23:23  Probe  
  52  23:24  Observer  
  54  23:28  Zealot x2  
  58  23:35  Probe  
  59  23:47  Probe  
  60  23:52  Pylon  
  60  23:55  Pylon  
  60  24:00  Pylon  
  60  24:02  Pylon  
  60  24:04  Pylon  
  39  24:14  Pylon  
  25  24:17  Pylon  
  25  24:18  Observer x2  
  25  24:19  Pylon  
  27  24:25  Pylon  
  27  24:29  Photon Cannon  
  27  24:31  Photon Cannon  
  27  24:33  Photon Cannon  
  27  24:37  Photon Cannon  
  24  24:39  Photon Cannon  
  24  24:43  Photon Cannon  
  24  24:45  Photon Cannon  
  24  24:47  Photon Cannon  
  24  24:49  Photon Cannon  
  24  24:50  Photon Cannon  
  24  24:52  Photon Cannon  
  22  24:54  Photon Cannon  
  22  25:00  Photon Cannon  
  22  25:02  Photon Cannon  
  22  25:04  Zealot x2, Photon Cannon  
  22  25:05  Photon Cannon  
  22  25:06  Photon Cannon  
  24  25:30  Observer  
  24  25:33  Probe  
  26  25:39  Assimilator  
  26  25:41  Assimilator  
  26  25:44  Photon Cannon  
  26  25:45  Probe  
  26  25:46  Photon Cannon  
  25  25:57  Probe  
  25  26:09  Probe  
  23  26:21  Probe  
  24  26:30  Zealot  
  24  26:31  Zealot  
  28  26:33  Probe  
  29  26:45  Probe  
  28  27:17  Photon Cannon  
  28  27:19  Photon Cannon  
  28  27:21  Photon Cannon  
  28  27:26  Photon Cannon  
  28  27:27  Probe  
  29  27:40  Probe  
  29  27:42  Pylon  
  29  27:52  Probe  
  30  28:04  Probe  
  33  28:16  Probe  
Tags
 
Add a new tag
Caveats
  • Supply blocks, unpowered buildings, or Contaminate may cause inaccurate times.
  • Supply counts are checked every 10 seconds.